 Dungeon Crawl Stone Soup version 0.17.2-1-ge4368a0 (webtiles) character file.

1380 Goblin1989 the Martial Artist (level 8, 0/61 HPs)
             Began as a Demonspawn Monk on Nov 9, 2016.
             Was a Priest of Fedhas.
             Slain by an orc warrior
             ... wielding a +0 mace
              (9 damage)
             ... on level 6 of the Dungeon.
             The game lasted 00:14:42 (3470 turns).

Goblin1989 the Martial Artist (Demonspawn Monk)     Turns: 3470, Time: 00:14:42

Health: 0/61       AC: 12    Str: 16    XL:     8   Next: 39%
Magic:  6/8        EV:  5    Int: 12    God:    Fedhas [***...]
Gold:   245        SH:  8    Dex: 15    Spells: 0 memorised, 7 levels left

rFire  . . .     SeeInvis .       - Unarmed
rCold  . . .     Clarity  .     z - +0 chain mail
rNeg   . . .     SustAt   .     l - +0 shield
rPois  .         Gourm    .     a - +0 helmet
rElec  .         Spirit   .     (no cloak)
rCorr  .         Warding  .     d - +0 pair of gloves
rMut   .         Stasis   .     (no boots)
MR     .....                    r - amulet of regeneration
Stlth  ..........               (no ring)
                                j - +2 ring of strength

@: not resistant to hostile enchantments, extremely unstealthy
A: hooves 1, rugged brown scales 1, nightstalker 1, powered by pain 2
a: Evolution, Sunlight, Growth, Renounce Religion


You were on level 6 of the Dungeon.
You worshipped Fedhas.
Fedhas was most pleased with you.
You were very hungry.

You visited 1 branch of the dungeon, and saw 6 of its levels.

You collected 357 gold pieces.
You spent 112 gold pieces at shops.

Inventory:

Hand Weapons
 b - a +1 hunting sling
Missiles
 c - 18 bolts of penetration
 f - 140 stones (quivered)
 i - 19 poisoned needles
 w - 11 poisoned sling bullets
 x - 5 bolts
 y - 29 arrows of frost
 B - 15 arrows
 Z - a throwing net {=f, !d}
Armour
 a - a +0 helmet (worn)
 d - a +0 pair of gloves (worn)
 l - a +0 shield (worn)
 z - a +0 chain mail (worn)
Jewellery
 j - a +2 ring of strength (left hand)
 r - an amulet of regeneration (around neck)
Wands
 E - a wand of enslavement (13)
 H - a wand of cold (8)
 J - a wand of magic darts (13)
Scrolls
 s - 2 scrolls of remove curse {@r2}
 D - 2 scrolls of magic mapping {unknown}
 F - a scroll of fear
 R - 2 scrolls of identify {@r1}
Potions
 h - 3 potions of curing {@q1}
 k - a potion of agility
 m - a potion of resistance {unknown}
 o - 2 potions of cure mutation {unknown}
 p - 3 potions of flight
 q - 2 potions of might
 u - a potion of lignification {unknown}
 v - a potion of haste {unknown}
 A - a potion of degeneration {unknown}
 G - a potion of mutation {unknown}
 I - a potion of brilliance {unknown}
 L - a potion of berserk rage {unknown}
Books
 C - a book of the Tempests

   Spells                             Type                      Level
   a - Static Discharge               Conjuration/Air              3
   b - Lightning Bolt                 Conjuration/Air              5
   c - Fireball                       Conjuration/Fire             5
   d - Tornado                        Air                          9
   e - Shatter                        Earth                        9
Comestibles
 e - 6 bread rations {@e1}
 g - 3 meat rations {@e2}
 n - 6 fruits
 t - a beef jerky
 K - 2 royal jellies


   Skills:
 + Level 4.1 Fighting
 + Level 2.3 Armour
 - Level 2.6 Dodging
 - Level 1.7 Stealth
 + Level 2.3 Shields
 * Level 9.1 Unarmed Combat


You had 7 spell levels left.
You didn't know any spells.

Dungeon Overview and Level Annotations

Branches:
Dungeon (6/15)             Temple (0/1) D:4

Altars:
Cheibriados
Dithmenos
Elyvilon
Fedhas
Makhleb
Nemelex Xobeh
Ru
Trog
Vehumet
Yredelemnul
Zin
The Shining One

Shops:
D:4 (!


Innate Abilities, Weirdness & Mutations

You have large cloven feet.
You are partially covered in rugged brown scales (AC +1, +3% HP).
You are slightly more attuned to the shadows.
You sometimes gain power by taking damage.


Message History

Your wandering mushroom releases spores at the orc warrior but does no damage.
The freed slave barely misses the orc warrior.
The orc warrior barely misses the freed slave.
Your wandering mushroom releases spores at the orc warrior but does no damage.
The freed slave closely misses the orc warrior.
The orc warrior hits the freed slave with a mace!
The freed slave dies!
The orc warrior looks more experienced.
Your wandering mushroom releases spores at the orc warrior!
The orc warrior is engulfed in a cloud of spores!
The orc warrior hits you with a mace.
* * * LOW HITPOINT WARNING * * *
Your wandering mushroom closely misses the orc warrior.
You see here an animal skin.
You take 6 damage, and have 8/61 hp.
You punch the orc warrior!
The orc warrior is heavily wounded.
The orc warrior hits you with a mace!
You die...
Fedhas appreciates your contribution to the ecosystem. .████████....█.██ ... .........█.....██.... ........███...)...... .)>....PP█.....██.... .█████.█.....█.█ ... .█ █.█.█.█.█.█ ██ .█ █.......█.███ ████ .█ ███.........█ ██.. .██ ██████████@█ █..█ █▲█ ..████...██ █o█ █p.█ █.█ ....█.....██ █f█

█..███$███..
█......<...█
█P█████.)∆..⌂███..
█..........█
█Pp.ppo..███.███K█
...<.......█
███████{.█ █.█
....█.....█
█..███▲███
....██...██
█.........
███████.███
█.......██


You could see an orc warrior, a neutral freed slave (wandering) and a friendly
wandering mushroom.

Vanquished Creatures
  Pikel (D:6)
  Edmund (D:6)
  A black bear (D:5)
  A sky beast (D:6)
  A slave (D:6)
  An ogre (D:6)
  A wight (D:3)
  A hound (D:6)
  2 orc wizards
  An orc priest (D:4)
  2 iguanas
  A worker ant zombie (D:5)
  2 adders
  A shadow imp (D:5)
  8 giant geckos
  8 orcs
  8 hobgoblins
  4 jackals (D:2)
  9 kobolds
  A ball python (D:3)
  A ball python zombie (D:5)
  5 bats
  7 giant cockroaches
  6 giant newts
  9 goblins
  A quokka (D:4)
  5 rats
  A toadstool (D:2)
90 creatures vanquished.

Vanquished Creatures (collateral kills)
  4 wights (D:3)
  A crimson imp (D:6)
  2 orc wizards
  2 orc priests (D:3)
  A giant frog skeleton (D:5)
  3 gnolls (D:3)
  6 orcs
  2 bats
21 creatures vanquished.

Vanquished Creatures (others)
  A slave (D:6)
  2 wandering mushrooms
  54 toadstools
57 creatures vanquished.

Grand Total: 168 creatures vanquished

Notes
Turn   | Place    | Note
--------------------------------------------------------------
     0 | D:1      | Goblin1989 the Demonspawn Monk began the quest for the Orb.
     0 | D:1      | Reached XP level 1. HP: 18/18 MP: 1/1
    60 | D:1      | Reached skill level 4 in Unarmed Combat
   166 | D:1      | Gained mutation: You are partially covered in rugged brown scales (AC +1, +3% HP). [demonic ancestry]
   166 | D:1      | Reached XP level 2. HP: 18/24 MP: 2/2
   514 | D:2      | Gained mutation: You have large cloven feet. [demonic ancestry]
   514 | D:2      | Reached XP level 3. HP: 12/29 MP: 3/3
   569 | D:2      | Found a blossoming altar of Fedhas.
   579 | D:2      | Became a worshipper of Fedhas Madash
   579 | D:2      | Reached * piety under Fedhas
   579 | D:2      | Reached ** piety under Fedhas
   610 | D:2      | Noticed an oklob plant
   759 | D:2      | Found a sparkling altar of Nemelex Xobeh.
  1204 | D:3      | Reached skill level 5 in Unarmed Combat
  1204 | D:3      | Gained mutation: You sometimes gain a little power by taking damage. [demonic ancestry]
  1204 | D:3      | Reached XP level 4. HP: 11/36 MP: 4/4
  1246 | D:3      | Found a sacrificial altar of Ru.
  1339 | D:3      | Reached skill level 6 in Unarmed Combat
  1339 | D:3      | Gained mutation: You are slightly more attuned to the shadows. [demonic ancestry]
  1339 | D:3      | Reached XP level 5. HP: 25/42 MP: 5/5
  1506 | D:3      | Found a white marble altar of Elyvilon.
  1509 | D:3      | Found a glowing golden altar of the Shining One.
  1514 | D:3      | Found a bloodstained altar of Trog.
  1864 | D:3      | Reached XP level 6. HP: 46/48 MP: 6/6
  2029 | D:4      | Found a staircase to the Ecumenical Temple.
  2030 | D:4      | Found a radiant altar of Vehumet.
  2143 | D:4      | Reached skill level 7 in Unarmed Combat
  2291 | D:4      | Found Murrit Xenye's Distillery.
  2302 | D:4      | Bought a potion of might for 56 gold pieces
  2302 | D:4      | Bought a potion of poison for 14 gold pieces
  2302 | D:4      | Bought a potion of flight for 42 gold pieces
  2470 | D:4      | Found Nato Vij's Antique Weapon Boutique.
  2532 | D:5      | Entered Level 5 of the Dungeon
  2685 | D:5      | Reached *** piety under Fedhas
  2814 | D:5      | Found a radiant altar of Vehumet.
  2884 | D:5      | Reached XP level 7. HP: 51/53 MP: 7/7
  2972 | D:5      | Found a burning altar of Makhleb.
  3108 | D:6      | Reached skill level 8 in Unarmed Combat
  3134 | D:6      | Found a snail-covered altar of Cheibriados.
  3134 | D:6      | Found a basalt altar of Yredelemnul.
  3134 | D:6      | Found a glowing silver altar of Zin.
  3208 | D:6      | Noticed Edmund
  3225 | D:6      | Killed Edmund
  3276 | D:6      | Reached skill level 1 in Armour
  3276 | D:6      | Reached skill level 1 in Shields
  3398 | D:6      | Found a shadowy altar of Dithmenos.
  3402 | D:6      | Noticed Pikel
  3460 | D:6      | Killed Pikel
  3460 | D:6      | Reached skill level 9 in Unarmed Combat
  3460 | D:6      | Gained mutation: You sometimes gain power by taking damage. [demonic ancestry]
  3460 | D:6      | Reached XP level 8. HP: 8/61 MP: 8/8
  3470 | D:6      | Slain by an orc warrior

Action                   |  1- 3 |  4- 6 |  7- 9 || total
-------------------------+-------+-------+-------++-------
Melee: Unarmed           |   136 |   223 |    89 ||   448
 Fire: Hunting sling     |     5 |       |       ||     5
Invok: Evolution         |     1 |     2 |     1 ||     4
  Use: Scroll            |     9 |     1 |       ||    10
 Stab: Sleeping          |     1 |       |       ||     1
       Distracted        |       |       |     1 ||     1
       Confused          |       |       |     1 ||     1
  Eat: Beef jerky        |       |     1 |       ||     1
       Chunk             |       |     4 |     1 ||     5
       Pizza             |       |     1 |       ||     1
       Fruit             |       |     2 |       ||     2

Vault maps used:
D:1:      lightli_arrival_noodles
D:2:      lemuel_crystal_altar, tgw_fedhas
D:3:      lemuel_round_altar, grunt_temple_overflow_open, gup_sewer_entry_pipe
D:4:      vehumet_crystals, minmay_temple_entry_grid, first_bread, serial_shops,
          kennysheep_mini, shop
D:5:      black_bear_nest_2, nicolae_overflow_hidden_temple,
          vehumet_altar_wand_db
D:6:      gammafunk_temple_overflow_forgotten, lemuel_doored_altar, uniq_edmund,
          uniq_duvessa, uniq_pikel
